Map: Ultralove

Players

ThotMurderxX - Winner!

  • Race: Zerg Zerg
  • League: Silver
  • Spawn Location: 1:00

WeAreLegion

  • Race: Terran Terran
  • League: Silver
  • Spawn Location: 7:00

VOD

Have the link to the VOD?

Description

Time

  • Played on: Dec. 13, 2024, 10:01 p.m.
  • Length: 21:38
Show
View Real Time Build Order
Export as new Build Order

ThotMurderxX Zerg - Winner!

Build Orders: Pool First 

Get SALT Encoding   

  12  0:00  Drone  
  13  0:10  Drone  
  14  0:16  Overlord  
  14  0:25  Drone, Extractor  
  14  0:35  Drone x2  
  16  0:44  Drone  
  17  0:51  Spawning Pool  
  17  0:56  Drone  
  17  1:05  Drone  
  18  1:17  Drone  
  19  1:27  Drone  
  20  1:43  Drone  
  20  1:44  Hatchery, Metabolic Boost  
  20  2:00  Zergling x4  
  22  2:10  Overlord  
  21  2:17  Spine Crawler, Queen  
  22  2:29  Extractor  
  21  2:30  Drone  
  22  2:43  Zergling x4  
  24  2:53  Drone  
  24  2:57  Drone  
  26  2:59  Queen  
  28  3:07  Drone x2  
  30  3:16  Drone  
  30  3:19  Queen  
  33  3:21  Drone  
  33  3:27  Drone x2  
  36  3:30  Overlord  
  36  3:31  Overlord  
  36  3:49  Drone  
  36  3:54  Hatchery  
  36  4:09  Lair  
  36  4:11  Drone x3  
  36  4:12  Drone x3  
  42  4:17  Pneumatized Carapace  
  42  4:37  Roach Warren  
  41  4:39  Drone  
  41  4:41  Drone x7  
  41  4:45  Overlord  
  49  5:05  Zergling x12  
  55  5:08  Queen  
  55  5:10  Queen  
  55  5:12  Drone  
  60  5:18  Glial Reconstitution  
  60  5:23  Evolution Chamber  
  60  5:25  Evolution Chamber  
  60  5:27  Spore Crawler, Baneling Nest  
  56  5:30  Spore Crawler  
  56  5:31  Drone  
  56  5:48  Spore Crawler  
  56  5:49  Spore Crawler  
  54  6:17  Zerg Melee Weapons Level 1  
  54  6:18  Zerg Ground Armor Level 1  
  54  6:21  Drone x3  
  54  6:23  Infestation Pit  
  54  6:25  Drone x9  
  65  6:29  Spine Crawler  
  63  6:40  Spore Crawler  
  63  6:42  Spore Crawler  
  61  7:09  Spore Crawler  
  61  7:11  Roach  
  61  7:12  Overlord x2, Roach  
  61  7:13  Overlord  
  64  7:24  Hive  
  64  7:26  Neural Parasite  
  64  7:27  Centrifugal Hooks, Tunneling Claws  
  64  7:31  Burrow  
  64  7:33  Drone  
  64  7:34  Drone x2, Extractor  
  64  7:35  Drone x3, Extractor  
  68  7:40  Overlord x2  
  68  7:46  Hatchery  
  68  7:48  Extractor  
  68  7:49  Drone x3  
  68  7:50  Drone x2  
  68  7:51  Drone, Extractor  
  71  8:01  Nydus Network  
  69  8:15  Zerg Missile Weapons Level 1  
  69  8:18  Hydralisk Den  
  68  8:27  Spine Crawler, Drone x2  
  68  8:28  Drone x3  
  68  8:29  Spine Crawler, Drone x5  
  68  8:30  Drone x2  
  78  8:43  Roach  
  78  8:44  Roach x4  
  88  9:00  Baneling x5  
  88  9:01  Baneling x3  
  88  9:03  Roach  
  88  9:05  Roach x5  
  100  9:11  Spore Crawler, Overseer  
  99  9:18  Drone x2  
  99  9:19  Queen, Overlord  
  103  9:35  Nydus Canal  
  103  9:40  Hydralisk x7  
  117  9:48  Muscular Augments  
  103  10:19  Infestor x2  
  103  10:20  Infestor x2  
  111  10:22  Zergling x2  
  111  10:23  Zergling x16  
  111  10:24  Overlord x6  
  120  10:44  Zergling x14  
  127  10:51  Baneling  
  127  10:52  Baneling x3  
  92  11:19  Zergling x10  
  92  11:20  Zergling x18  
  82  11:58  Queen  
  82  11:59  Zergling x2  
  82  12:00  Spore Crawler, Zergling x36  
  82  12:01  Zergling x6  
  102  12:11  Hydralisk  
  102  12:12  Hydralisk x2  
  82  12:47  Hydralisk x7  
  82  12:48  Hydralisk x5  
  101  12:54  Extractor  
  101  12:55  Extractor  
  97  13:04  Zerg Missile Weapons Level 2, Zerg Ground Armor Level 2  
  97  13:05  Grooved Spines  
  97  13:07  Adrenal Glands  
  97  13:09  Hatchery  
  96  13:15  Ultralisk Cavern  
  95  13:24  Hatchery  
  94  13:29  Hatchery  
  94  13:30  Zergling x2  
  94  13:31  Zergling x32  
  110  14:06  Baneling  
  110  14:07  Baneling  
  110  14:08  Baneling x12  
  110  14:09  Baneling x2  
  100  14:25  Spore Crawler  
  100  14:26  Spore Crawler  
  86  14:52  Queen  
  86  14:53  Queen  
  86  14:54  Drone x3  
  86  14:55  Drone x2  
  93  15:01  Ultralisk  
  93  15:02  Ultralisk x3  
  108  15:09  Drone x2  
  108  15:10  Drone, Queen  
  88  15:38  Spine Crawler  
  88  15:39  Spine Crawler x2  
  88  15:41  Baneling x3  
  88  15:42  Spine Crawler, Baneling x3  
  68  16:05  Chitinous Plating  
  68  16:12  Zergling x12  
  68  16:13  Zergling x14  
  81  16:21  Overseer  
  79  16:25  Queen  
  79  16:29  Drone x3  
  83  16:57  Drone  
  83  16:58  Drone  
  83  17:00  Drone x6  
  91  17:04  Spine Crawler  
  91  17:05  Spore Crawler, Drone  
  91  17:06  Drone x2  
  91  17:07  Spine Crawler, Drone x3  
  91  17:08  Drone  
  83  17:26  Ultralisk  
  83  17:27  Ultralisk  
  95  17:39  Zergling x16  
  103  17:52  Zergling x2  
  103  17:53  Zergling x18  
  103  17:57  Zergling x6  
  116  18:05  Drone x3  
  119  18:07  Spine Crawler  
  118  18:21  Zerg Melee Weapons Level 2  
  118  18:22  Zerg Ground Armor Level 3  
  118  18:26  Hydralisk x5  
  128  18:46  Baneling x2  
  128  18:47  Baneling x7  
  128  18:48  Baneling  
  127  18:53  Ultralisk  
  127  18:54  Ultralisk x2  
  146  18:55  Zergling x4  
  147  19:18  Hydralisk  
  147  19:19  Hydralisk x7  
  147  19:21  Overlord x2  
  147  19:22  Overlord  
  163  19:36  Overlord x3  
  163  19:37  Overlord x4  
  163  19:53  Anabolic Synthesis  
  175  20:00  Ultralisk x2  
  165  20:53  Hatchery  
  162  20:57  Unknown  
  160  21:13  Hydralisk  
  160  21:14  Hydralisk x20  
  160  21:17  Zergling x2  
  160  21:18  Zergling x2  
Show
View Real Time Build Order
Export as new Build Order

WeAreLegion Terran 

Build Orders: Reaper Expand 

Get SALT Encoding   

  12  0:00  SCV  
  13  0:12  SCV  
  14  0:16  Supply Depot  
  14  0:24  SCV  
  15  0:38  SCV  
  15  0:40  Barracks  
  16  0:44  Refinery  
  16  0:50  SCV  
  17  1:02  SCV  
  18  1:14  SCV  
  19  1:26  Orbital Command  
  19  1:28  Reaper  
  20  1:44  Command Center  
  20  1:49  Supply Depot  
  20  1:52  SCV  
  21  2:00  Marine  
  22  2:05  SCV  
  23  2:12  Factory  
  23  2:17  SCV  
  24  2:29  SCV  
  25  2:31  Barracks Reactor  
  25  2:37  Refinery  
  25  2:41  SCV  
  26  2:57  Hellion  
  28  2:59  Orbital Command  
  28  3:05  SCV  
  29  3:08  Bunker  
  29  3:17  SCV  
  30  3:22  Starport  
  30  3:28  SCV  
  30  3:29  SCV  
  32  3:40  SCV  
  34  3:41  SCV  
  34  3:46  Barracks Reactor  
  34  3:52  SCV  
  34  3:54  Hellion  
  34  3:55  Hellion  
  39  3:56  SCV  
  40  4:04  SCV, Liberator, Barracks  
  40  4:08  SCV  
  45  4:15  Supply Depot  
  45  4:16  SCV  
  46  4:28  Engineering Bay  
  46  4:37  SCV x2, Hellion x2  
  52  4:42  Supply Depot, Engineering Bay  
  52  4:45  Supply Depot, Marine x2  
  54  4:57  Starport Reactor  
  54  4:59  Barracks Tech Lab  
  54  5:04  SCV x2  
  56  5:09  Terran Infantry Weapons Level 1, Refinery  
  56  5:10  Refinery, Terran Infantry Armor Level 1  
  56  5:15  Armory  
  56  5:16  SCV  
  57  5:26  SCV  
  57  5:27  Barracks  
  57  5:28  SCV  
  59  5:30  Supply Depot, Marine x3, Barracks  
  59  5:32  Supply Depot  
  59  5:35  Medivac  
  64  5:41  Widow Mine x2  
  68  5:48  Marine x2  
  70  5:52  Marauder  
  69  6:05  SCV x2  
  69  6:06  Marine x2  
  73  6:13  Marauder  
  75  6:30  Supply Depot  
  75  6:31  Supply Depot  
  75  6:34  SCV  
  75  6:35  SCV, Marauder  
  79  6:40  Barracks Tech Lab  
  79  6:41  Command Center, Barracks Reactor  
  79  6:42  Stimpack  
  79  6:44  Command Center  
  77  6:52  Supply Depot  
  71  6:56  Supply Depot, Marauder  
  71  6:57  SCV x2, Marine x2  
  71  6:59  Hellion x2  
  77  7:09  SCV  
  77  7:11  Factory  
  77  7:15  Marine  
  79  7:17  Marauder  
  79  7:18  Combat Shield  
  79  7:20  Hellion  
  79  7:21  Terran Infantry Armor Level 2, Terran Infantry Weapons Level 2  
  83  7:26  Medivac  
  85  7:40  Marine  
  85  7:41  Marine x2  
  85  7:43  Widow Mine  
  90  7:58  Marine x2  
  90  7:59  Marauder  
  94  8:20  Marauder  
  94  8:21  SCV x2  
  98  8:27  Marine x2  
  98  8:29  Viking  
  98  8:30  Viking  
  98  8:31  Factory Tech Lab  
  98  8:33  SCV x2  
  106  8:34  Factory Reactor  
  106  8:36  Factory Tech Lab  
  106  8:41  Concussive Shells  
  106  8:42  Marauder  
  106  8:45  SCV x2, Marine x2  
  106  8:47  Barracks  
  112  8:49  Barracks  
  112  8:56  Planetary Fortress  
  112  8:59  Viking  
  114  9:03  Marine x2, Marauder  
  118  9:15  SCV  
  119  9:17  SCV  
  119  9:18  SCV  
  121  9:25  Marine x3, Refinery, Marauder  
  121  9:27  Siege Tank, Widow Mine x2, SCV  
  121  9:29  SCV  
  121  9:30  SCV  
  136  9:43  Marine  
  136  9:44  Marauder  
  139  9:46  Marauder  
  133  10:05  Marauder  
  126  10:07  Marauder  
  128  10:16  Marine x2  
  128  10:18  Widow Mine x3  
  136  10:24  Barracks Tech Lab  
  136  10:25  Barracks Reactor  
  136  10:27  Marauder  
  138  10:28  Marine  
  138  10:34  Marine  
  138  10:39  Widow Mine  
  138  10:47  Marauder  
  138  10:48  Marauder  
  136  11:08  Marauder  
  69  12:32  Marine x6  
  69  12:33  Marine  
  69  12:34  Widow Mine x2  
  69  12:35  Widow Mine  
  69  12:36  Liberator x2  
  75  12:50  Marine  
  75  12:51  Marauder x3  
  82  12:56  Widow Mine  
  84  13:00  SCV x3  
  84  13:05  Planetary Fortress  
  87  13:09  Refinery  
  87  13:11  Refinery  
  87  13:12  SCV x3, Marauder x3  
  96  13:18  Marine  
  96  13:19  Marine x3, Liberator x2  
  106  13:21  Widow Mine  
  106  13:22  Widow Mine  
  110  13:33  Marine x2  
  110  13:34  Marauder  
  114  13:41  Refinery  
  114  13:44  SCV x4  
  108  13:51  Marauder x2  
  108  13:55  Marauder  
  114  13:56  SCV x4  
  114  14:02  Liberator x2  
  124  14:08  SCV  
  122  14:28  Marine x3  
  122  14:29  Marine x3  
  122  14:30  Marauder  
  122  14:31  Widow Mine x3  
  129  14:47  Marauder x2  
  129  14:51  Marauder  
  116  15:08  Marauder  
  103  15:27  Marine x2  
  103  15:28  Marine x3, Marauder  
  110  15:29  Liberator x2  
  110  15:30  Marauder  
  110  15:32  Widow Mine  
  117  15:45  Marine x2, Widow Mine  
  117  15:46  Marine x2, Marauder  
  122  15:50  Marauder  
  122  15:51  Marauder  
  86  16:06  Ghost Academy  
  86  16:08  Marauder  
  84  16:12  Liberator x2  
  90  16:20  Command Center  
  90  16:22  Marine x5  
  90  16:23  Marauder  
  97  16:29  Marauder  
  97  16:38  Command Center  
  95  16:41  SCV x2, Marauder  
  95  16:44  Command Center  
  95  16:45  Marauder  
  99  16:51  Marauder  
  99  16:53  SCV x2  
  103  16:55  Medivac x2  
  103  17:00  Command Center  
  107  17:02  Marauder  
  107  17:05  SCV x2  
  105  17:17  SCV, Command Center  
  105  17:35  Marine x5  
  105  17:36  Siege Tank  
  115  17:37  Widow Mine x2  
  118  17:44  Ghost  
  118  17:49  SCV x2  
  122  17:54  Marauder  
  124  17:59  Orbital Command, Widow Mine  
  124  18:01  Orbital Command, SCV x2  
  128  18:09  Planetary Fortress, Siege Tank  
  131  18:13  SCV x2  
  133  18:23  Viking  
  133  18:25  SCV x2  
  136  18:37  SCV  
  136  18:38  SCV  
  136  18:41  Siege Tank  
  139  18:49  SCV x2  
  139  18:50  SCV x4  
  141  19:13  Siege Tank  
  143  19:17  Planetary Fortress  
  140  19:26  Marine x4  
  140  19:27  Marine, Marauder  
  140  19:28  Marauder, Widow Mine x2  
  150  19:45  Marauder, Widow Mine  
  154  19:49  Marauder  
  154  19:50  Widow Mine  
  158  19:56  Orbital Command  
  138  20:51  Marine x2  
  138  20:52  Marine x2, Marauder  
  138  20:53  Marauder x2  
  119  21:14  Marauder  
Tags
 
Add a new tag
Caveats
  • Supply blocks, unpowered buildings, or Contaminate may cause inaccurate times.
  • Supply counts are checked every 10 seconds.